 Dungeon Crawl Stone Soup version 0.21.1-1-g345015f (webtiles) character file.

27 Fang the Covered (level 3, -1/23 HPs)
             Began as a Gargoyle Fighter on May 7, 2018.
             Slain by a gnoll
             ... wielding a +0 halberd
              (9 damage)
             ... on level 2 of the Dungeon.
             The game lasted 00:01:12 (654 turns).

Fang the Covered (Gargoyle Fighter)                  Turns: 654, Time: 00:01:12

Health: -1/23      AC: 10    Str: 20    XL:     3   Next: 10%
Magic:  3/3        EV:  7    Int:  8    God:
Gold:   24         SH:  9    Dex:  9    Spells: 2/2 levels left

rFire    . . .     SeeInvis .   a - +0 war axe
rCold    . . .     Gourm    .   c - +0 shield
rNeg     + . .     Faith    .   b - +0 scale mail
rPois    ∞         Spirit   .   (no helmet)
rElec    +         Reflect  .   (no cloak)
rCorr    .         Harm     .   (no gloves)
MR       .....                  (no boots)
Stlth    ..........             (no amulet)
HPRegen  0.07/turn              (no ring)
MPRegen  0.08/turn              (no ring)

@: no status effects
A: negative energy resistance 1, electricity resistance, unbreathing,
petrification resistance, rot immunity, AC +3
a: no special abilities


You were on level 2 of the Dungeon.
You were not hungry.

You visited 1 branch of the dungeon, and saw 2 of its levels.

You collected 24 gold pieces.

Inventory:

Hand Weapons
 a - a +0 war axe (weapon)
Armour
 b - a +0 scale mail (worn)
 c - a +0 shield (worn)
Scrolls
 g - a scroll of enchant armour {unknown}
 i - a scroll of remove curse {unknown}
 l - a scroll of identify {unknown}
 n - a scroll of amnesia {unknown}
 o - a scroll of enchant weapon {unknown}
Potions
 d - a potion of might
 e - 2 potions of agility {unknown}
 h - a potion of invisibility {unknown}
 j - a potion of degeneration {unknown}
 k - 2 potions of heal wounds {unknown}
 m - a potion of brilliance {unknown}
Comestibles
 f - 2 rations


   Skills:
 + Level 3.5 Fighting
 + Level 2.2 Axes
 + Level 3.7 Armour
 + Level 3.6 Shields


You had 2 spell levels left.
You didn't know any spells.

Dungeon Overview and Level Annotations

Branches:
Dungeon (2/15)

Altars:


Innate Abilities, Weirdness & Mutations

You are resistant to torment.
Your stone body is resilient. (AC +3)
You are immune to poison.
You resist negative energy. (rN+)
You are resistant to electric shocks. (rElec)
You can survive without breathing.
You are immune to petrification.
You are immune to rotting.


Message History

The gnoll hits you but does no damage. You block the goblin's attack.
You miss the goblin. You hit the gnoll. You closely miss the gnoll.
The gnoll barely misses you. The gnoll hits you but does no damage.
You block the gnoll's attack. The goblin hits you but does no damage.
The gnoll hits you.
You miss the goblin. You slash the gnoll! You hit the gnoll.
The gnoll hits you. You block the goblin's attack.
The gnoll hits you from afar with a halberd.
The gnoll hits you but does no damage. x2
Your shield and scale mail prevent you from hitting the goblin.
Your shield and scale mail prevent you from hitting the gnoll.
Your shield prevents you from hitting the gnoll.
You block the goblin's attack. The gnoll barely misses you. x2
You block the gnoll's attack. The goblin hits you but does no damage.
The gnoll completely misses you.
You miss the goblin. You hit the gnoll. You hit the gnoll but do no damage.
You block the gnoll's attack. The gnoll hits you but does no damage.
You block the goblin's attack. The gnoll hits you but does no damage.
The gnoll hits you from afar with a halberd!
You die...

#### ..# #.# #.##
#..## ##...##
##..'..##
##..#'#.$#######
##.)##.##.@g....#
#..##.8.##gg###.# ##
##.##.....##gg# .##
#.##...'... #.#
..####.#...#'#... .#
#......'8.##.##.8+.#
.)####.# . ### #.# #
#.#


You could see 4 gnolls and a goblin.

Vanquished Creatures
  A dart slug (D:1)
  2 bats (D:1)
  2 giant cockroaches (D:1)
  6 goblins
  3 hobgoblins (D:1)
  3 kobolds (D:1)
  A ball python (D:1)
  A frilled lizard (D:1)
  4 rats
23 creatures vanquished.

Notes
Turn   | Place    | Note
-------+----------+-------------------------------------------
     0 | D:1      | Fang the Gargoyle Fighter began the quest for the Orb.
     0 | D:1      | Reached XP level 1. HP: 14/14 MP: 1/1
   176 | D:1      | Reached XP level 2. HP: 17/19 MP: 2/2
   369 | D:1      | Reached XP level 3. HP: 20/23 MP: 3/3
   654 | D:2      | Slain by a gnoll

Skill      XL: |  1  2 |
---------------+-------+-----
Axes           | 2 |  2.2
Fighting       | |  3.5
Armour         | |  3.7
Shields        | |  3.6

Action                   || total
-------------------------++-------
Melee: War axe           ||    74
Armor: Scale mail        ||    47
Dodge: Dodged            ||    30
Block: Shield            ||    39
